 Dungeon Crawl Stone Soup version 0.21-a0-263-gf26e180 (webtiles) character file.

46950 Chiseanne the Unseen (level 14, -2/66 HPs)
             Began as a Spriggan Wanderer on Sept 7, 2017.
             Was an Initiate of Gozag.
             Slain by an orc warrior
             ... wielding a +0 war axe of electrocution
             ... led by Saint Roka
              (15 damage)
             ... on level 2 of the Orcish Mines on Sept 8, 2017.
             The game lasted 01:28:23 (23254 turns).

Chiseanne the Unseen (Spriggan Wanderer)           Turns: 23254, Time: 01:28:24

Health: -2/66      AC:  7    Str: 11    XL:     14   Next: 6%
Magic:  0/29       EV: 34    Int: 15    God:    Gozag
Gold:   1670       SH:  0    Dex: 19    Spells: 23/34 levels left

rFire    + . .     SeeInvis +   a - +6 dagger (venom)
rCold    . . .     Gourm    .   (shield restricted)
rNeg     + . .     Faith    .   t - +2 robe {rN+}
rPois    +         Spirit   +   (helmet restricted)
rElec    .         Reflect  .   r - +2 cloak
rCorr    .         Harm     .   (gloves unavailable)
MR       +....                  (boots unavailable)
Stlth    ++++++++..             T - amulet of guardian spirit
HPRegen  0.21/turn              K - ring "Sumoxao" {rPois rF+ MR- Int+3}
MPRegen  0.21/turn              G - ring of stealth

@: very quick
A: unfitting armour, see invisible, herbivore 3, speed 3, slow metabolism 2
a: Potion Petition, Call Merchant, Bribe Branch, Renounce Religion


You were on level 2 of the Orcish Mines.
You worshipped Gozag.
Gozag was most pleased with you.
You were not hungry.

You visited 3 branches of the dungeon, and saw 18 of its levels.
You also visited: Sewer and Bailey.

You collected 5601 gold pieces.
You spent 1403 gold pieces at shops.
You paid 2528 gold pieces to Gozag.

Inventory:

Hand Weapons
 a - a +6 dagger of venom (weapon)
 e - a +2 scimitar of flaming
 f - the +0 rapier of Jeutomay {speed, rF+ Str+2}
   (You found it on level 10 of the Dungeon)

   Attacks with this weapon are significantly faster.
   It affects your strength (+2).
   It protects you from fire.
 s - the +2 rapier of Expedience {protect, +Rage rC+ rN++ Stlth-}
   (You bought it in a shop on level 12 of the Dungeon)

   It protects the one who uses it against injury (+AC on strike).
   It protects you from cold.
   It greatly protects you from negative energy.
   It lets you go berserk.
   It makes you less stealthy.
 w - a +2 shortbow of freezing
 z - a +0 blowgun
 Z - the +6 hand axe "Nieppeif" {flame, +Blink rPois rC+++ MR-}
   (You found it on level 11 of the Dungeon)

   It has been specially enchanted to burn those struck by it, causing extra
   injury to most foes and up to half again as much damage against particularly
   susceptible opponents.
   Big, fiery blades are also staple armaments of hydra-hunters.
   It renders you almost immune to cold.
   It protects you from poison.
   It affects your resistance to hostile enchantments.
   It lets you blink.
Missiles
 b - a stone
 d - 7 needles of paralysis
 B - 858 arrows
 C - 33 tomahawks of returning (quivered)
 D - 70 poisoned needles
 E - 11 curare-tipped needles
 H - 36 tomahawks
 J - 3 throwing nets {!*}
 L - 3 needles of confusion
Armour
 r - a +2 cloak (worn)
 t - a +2 robe of positive energy (worn)
Jewellery
 G - a ring of stealth (right hand)
 K - the ring "Sumoxao" (left hand) {rPois rF+ MR- Int+3}
   (You bought it in a shop on level 13 of the Dungeon)

   [ring of intelligence]

   It affects your intelligence (+3).
   It protects you from fire.
   It protects you from poison.
   It affects your resistance to hostile enchantments.
 T - an amulet of guardian spirit (around neck)
Wands
 l - a wand of polymorph (0/24)
 o - a wand of disintegration (12/24)
 F - a wand of digging (9/24)
Scrolls
 g - 4 scrolls of fog
 k - 9 scrolls of magic mapping
 m - 2 scrolls of remove curse
 q - a scroll of brand weapon
 y - 7 scrolls of teleportation
 R - 4 scrolls of fear
 X - a scroll of recharging
Potions
 c - 7 potions of curing
 h - 9 potions of heal wounds
 i - 5 potions of agility
 n - a potion of degeneration {unknown}
 p - 3 potions of haste
 v - 6 potions of flight
 A - 2 potions of might
 M - 2 potions of ambrosia
 N - a potion of berserk rage {unknown}
Comestibles
 j - a royal jelly
 U - 7 bread rations


   Skills:
 - Level 4.0 Fighting
 - Level 10.0 Short Blades
   Level 2.1 Maces & Flails
 - Level 1.0 Throwing
 * Level 17.7 Dodging
 * Level 18.9 Stealth
 - Level 1.0 Unarmed Combat
 * Level 10.6 Spellcasting
 - Level 10.2 Hexes
 * Level 3.0 Charms
 * Level 3.5 Translocations


You had 23 spell levels left.
You knew the following spells:

 Your Spells              Type           Power        Failure   Level  Hunger
a - Confuse               Hex            #####...     1%          3    None
b - Shroud of Golubria    Chrm/Tloc      ###.......   3%          2    None
c - Conjure Flame         Conj/Fire      #.......     28%         3    None
d - Regeneration          Chrm/Necr      ##........   14%         3    None


Dungeon Overview and Level Annotations

Branches:
Dungeon (15/15)            Temple (1/1) D:7            Lair (0/6) D:9
    Orc (2/2) D:12         Vaults (0/5) D:13         Depths (0/5) D:15
    Elf: Orc:2

Altars:
Ashenzari
Dithmenos
Elyvilon
Fedhas
Gozag
Hepliaklqana
Nemelex Xobeh
Okawaru
Qazlal
Ru
Sif Muna
Trog
Uskayaw
Vehumet
Wu Jian
Xom
Yredelemnul
Zin
The Shining One

Shops:
D:9 ((   D:10 =   D:12 [(   D:13 =   D:14 [   D:15 *

Portals:
Trove: D:13 (give +8 demon whip)

Annotations:
D:3 Musica's ghost, amateur CeHu
D:14 exclusion: 2 downstairs
Orc:2 Saint Roka


Innate Abilities, Weirdness & Mutations

You are very small and have problems with some larger weapons.
You are too small for most types of armour.
You have supernaturally acute eyesight. (SInv)
You are a herbivore.
You cover ground extremely quickly.
You need consume almost no food.


Message History

You climb downwards.
Level annotation: Saint Roka The orc warrior completely misses you.
The orc priest calls down the wrath of Beogh upon you.
Beogh smites you! The orc completely misses you. The orc barely misses you.
The orc warrior completely misses you.
Saint Roka calls down the wrath of Beogh upon you.
Beogh smites you! The orc warrior completely misses you.
The orc completely misses you.
There is a stone staircase leading up here.
Saint Roka mumbles some strange prayers to Beogh against you.
Beogh smites you! The orc completely misses you.
The orc warrior hits you with a scimitar!
The orc priest mumbles some strange prayers to Beogh against you.
Beogh smites you!
The orc warrior hits you with a war axe of electrocution!
* * * LOW HITPOINT WARNING * * *
You are electrocuted!
You die...
Your body crumbles into a pile of gold.

..###.........O
...#..........# .
......$........
.. ..............
...##.........#..
.................
#...#.....o......
.......oo@o......
....o...oo......#
o..o.#.o.........
..#....oo........
....o.......$...
o................
$
o...oo...........
o..o.........$...
#...............


You could see Saint Roka, 5 orc warriors, an ogre (sleeping), 2 orc priests and
7 orcs.

Vanquished Creatures
  Snorg (Orc:1)
  A fire dragon (D:15)
  An ogre mage (D:15)
  A vault guard (D:13)
  2 hydras
  An ice dragon (D:15)
  12 centaur warriors
  7 two-headed ogres
  An unseen horror (D:12)
  A wizard (D:13)
  Pikel (D:6)
  A deep elf mage (D:13)
  A lindwurm (D:15)
  3 necromancers (D:13)
  A wolf spider zombie (D:14)
  4 cyclopes
  An orc sorcerer (Orc:1)
  5 ugly things
  2 gargoyles
  Psyche (D:8)
  5 orange demons (D:12)
  A kobold demonologist (D:14)
  A rime drake (shapeshifter) (D:12)
  An efreet (D:15)
  2 trolls
  A red devil (D:12)
  A hornet (D:11)
  4 slime creatures (D:13)
  5 hippogriffs
  A vampire (D:13)
  4 wraiths
  A shadow (D:15)
  9 yaks
  2 wyverns
  20 humans (D:13)
  Menkaure (D:6)
  3 wargs (Orc:1)
  2 acid dragons (D:15)
  A water moccasin (D:8)
  22 orc warriors
  2 ice beasts
  3 slaves (D:6)
  A hornet zombie (D:10)
  2 sky beasts
  2 wolves (D:9)
  5 ogres
  27 centaurs
  Blork the orc (D:5)
  A crocodile (D:13)
  7 big kobolds
  9 bullfrogs
  2 gnoll sergeants
  A wyvern skeleton (D:8)
  5 scorpions
  4 wights (D:2)
  2 electric eels (D:9)
  3 centaur zombies
  5 crimson imps
  A bullfrog zombie (D:12)
  10 orc priests
  8 hounds
  5 jellies
  13 orc wizards
  A bullfrog skeleton (D:9)
  5 centaur skeletons
  Ijyb (D:4)
  An iguana (D:10)
  Terence (D:2)
  10 worker ants
  2 hound zombies
  A hound skeleton (D:7)
  10 gnolls
  15 adders
  5 shadow imps
  A white imp (D:9)
  A worker ant simulacrum (D:9)
  5 oozes
  An adder skeleton (D:6)
  9 worms
  2 dart slugs
  6 leopard geckos
  47 orcs
  10 bats
  6 giant cockroaches
  9 goblins
  6 hobgoblins
  7 jackals
  41 kobolds
  8 quokkas
  3 ball pythons
  6 frilled lizards
  A jackal zombie (D:6)
  A quokka simulacrum (D:9)
  16 rats
492 creatures vanquished.

Vanquished Creatures (collateral kills)
  A centaur skeleton (D:8)
  3 gnolls (D:11)
  3 orcs (D:8)
  A giant cockroach (D:8)
  2 kobolds (Bailey)
10 creatures vanquished.

Vanquished Creatures (others)
  A red devil (D:12)
  A centaur (D:15)
  An orc (Bailey)
3 creatures vanquished.

Grand Total: 505 creatures vanquished

Notes
Turn   | Place    | Note
-------+----------+-------------------------------------------
     0 | D:1      | Chiseanne the Spriggan Wanderer began the quest for the Orb.
     0 | D:1      | Chiseanne set off with: a +2 mace, a +0 short sword, a potion of curing, a +0 robe, a bread ration
     0 | D:1      | Reached XP level 1. HP: 11/11 MP: 2/2
   230 | D:1      | Reached skill level 2 in Stealth
   309 | D:1      | Reached XP level 2. HP: 16/16 MP: 3/3
   947 | D:2      | Reached XP level 3. HP: 19/19 MP: 4/4
  1010 | D:2      | Reached skill level 3 in Stealth
  1545 | D:2      | Found an iron altar of Okawaru.
  1890 | D:2      | Reached skill level 4 in Stealth
  1890 | D:2      | Reached XP level 4. HP: 15/24 MP: 5/5
  1898 | D:2      | Reached XP level 5. HP: 11/28 MP: 6/6
  2087 | D:2      | Reached skill level 5 in Stealth
  2392 | D:3      | Noticed Terence
  2405 | D:2      | Killed Terence
  2411 | D:3      | Noticed Musica's ghost (amateur CeHu)
  2425 | D:2      | Reached skill level 5 in Dodging
  2665 | D:3      | Found a glowing drain.
  2680 | Sewer    | Entered a sewer
  2693 | Sewer    | Reached XP level 6. HP: 29/33 MP: 7/7
  4608 | D:4      | Reached skill level 6 in Stealth
  4786 | D:4      | Noticed Ijyb
  4792 | D:4      | Killed Ijyb
  4801 | D:4      | Reached skill level 1 in Short Blades
  5205 | D:5      | Entered Level 5 of the Dungeon
  5212 | D:5      | Reached XP level 7. HP: 37/37 MP: 8/8
  5367 | D:5      | Reached skill level 7 in Stealth
  5596 | D:5      | Noticed Blork the orc
  5601 | D:5      | Killed Blork the orc
  6254 | D:6      | Reached skill level 8 in Stealth
  6254 | D:6      | Reached XP level 8. HP: 36/42 MP: 9/9
  6393 | D:6      | Noticed Menkaure
  6418 | D:6      | Killed Menkaure
  6498 | D:6      | Reached skill level 9 in Stealth
  6547 | D:6      | Noticed Pikel
  6581 | D:6      | Killed Pikel
  6581 | D:6      | Reached skill level 5 in Short Blades
  6581 | D:6      | Reached skill level 10 in Stealth
  7142 | D:7      | Reached XP level 9. HP: 45/45 MP: 10/10
  7291 | D:7      | Reached skill level 10 in Dodging
  7481 | D:7      | Found a staircase to the Ecumenical Temple.
  7492 | Temple   | Entered the Ecumenical Temple
  7569 | Temple   | Became a worshipper of Gozag Ym Sagoz the Greedy
  8105 | D:8      | Reached skill level 11 in Stealth
  8291 | D:8      | Noticed Psyche
  8293 | D:8      | Killed Psyche
  8583 | D:8      | Noticed a two-headed ogre
  8609 | D:8      | Killed a two-headed ogre
  8609 | D:8      | Reached skill level 12 in Stealth
  8769 | D:8      | Reached XP level 10. HP: 42/49 MP: 11/11
  9500 | D:9      | Found Ideyx's Weapon Boutique.
  9508 | D:9      | Found a staircase to the Lair.
  9898 | D:9      | Reached skill level 13 in Stealth
 11027 | D:10     | Entered Level 10 of the Dungeon
 11027 | D:10     | Noticed a centaur warrior
 11029 | D:10     | Killed a centaur warrior
 11100 | D:10     | Reached skill level 14 in Stealth
 11647 | D:10     | Found Ypiloah's Jewellery Emporium.
 11697 | D:10     | Bought an uncursed amulet of guardian spirit for 360 gold pieces
 11924 | D:10     | Got a steaming rapier
 11925 | D:10     | Identified the cursed +0 rapier of Jeutomay {speed, rF+ Str+2} (You found it on level 10 of the Dungeon)
 11935 | D:10     | Noticed a two-headed ogre
 11937 | D:10     | Killed a two-headed ogre
 12052 | D:10     | Reached XP level 11. HP: 33/53 MP: 5/12
 12443 | D:10     | Noticed a brown ugly thing
 12512 | D:10     | Killed a brown ugly thing
 12512 | D:10     | Reached skill level 10 in Short Blades
 13218 | D:11     | Learned a level 3 spell: Confuse
 13302 | D:11     | Noticed a purple ugly thing
 13305 | D:11     | Killed a purple ugly thing
 13305 | D:11     | Reached skill level 1 in Spellcasting
 13305 | D:11     | Reached skill level 1 in Hexes
 13883 | D:11     | Got an ichor-stained hand axe
 13885 | D:11     | Identified the +6 hand axe "Nieppeif" {flame, +Blink rPois rC+++ MR-} (You found it on level 11 of the Dungeon)
 13924 | D:11     | Noticed a four-headed hydra
 13993 | D:10     | Killed a one-headed hydra
 14342 | D:11     | Reached skill level 15 in Stealth
 14415 | D:11     | Noticed a skeletal warrior
 14608 | D:12     | Found a staircase to the Orcish Mines.
 14621 | D:12     | Noticed a two-headed ogre
 14625 | D:12     | Found Umonih's Antique Armour Boutique.
 14665 | D:12     | Killed a two-headed ogre
 14731 | D:12     | Noticed a five-headed hydra
 14737 | D:12     | Found a flagged portal.
 14744 | Bailey   | Entered a bailey
 16112 | D:12     | Bought a slimy rapier for 279 gold pieces
 16112 | D:12     | Identified the cursed +2 rapier of Expedience {protect, +Rage rC+ rN++ Stlth-} (You bought it in a shop on level 12 of the Dungeon)
 16166 | D:12     | Killed a five-headed hydra
 16187 | D:12     | Noticed an unseen horror
 16248 | D:12     | Killed an unseen horror
 16248 | D:12     | Reached skill level 5 in Spellcasting
 16259 | D:12     | Reached skill level 5 in Hexes
 16303 | D:12     | Reached skill level 15 in Dodging
 16687 | D:12     | Reached skill level 16 in Stealth
 16687 | D:12     | Reached XP level 12. HP: 58/58 MP: 16/21
 17327 | D:13     | Noticed a vault guard
 17380 | D:13     | Killed a vault guard
 17439 | D:13     | Noticed a centaur warrior
 17739 | D:13     | Reached skill level 17 in Stealth
 17870 | D:13     | Found a gate to the Vaults.
 18045 | D:13     | Killed a centaur warrior
 18265 | D:13     | Bought a cursed ring of teleportation for 58 gold pieces
 18265 | D:13     | Bought a cursed ring of loudness for 58 gold pieces
 18352 | D:13     | Found a portal to a secret trove of treasure.
 18668 | D:14     | Noticed a centaur warrior
 18676 | D:14     | Killed a centaur warrior
 18676 | D:14     | Reached XP level 13. HP: 61/61 MP: 26/26
 18911 | D:14     | Found Horuemeo's Armour Emporium.
 19262 | D:13     | Bought the ring "Sumoxao" {rPois rF+ MR- Int+3} for 386 gold pieces
 19765 | D:14     | Reached skill level 18 in Stealth
 20042 | D:15     | Entered Level 15 of the Dungeon
 20046 | D:15     | Noticed a fire dragon
 20052 | D:15     | Found a staircase to the Depths.
 20059 | D:15     | Killed a fire dragon
 20092 | D:15     | Learned a level 2 spell: Shroud of Golubria
 20096 | D:15     | Learned a level 3 spell: Conjure Flame
 20100 | D:15     | Learned a level 3 spell: Regeneration
 20180 | D:15     | Found Fuotasy's General Store.
 20221 | D:15     | Bought a scroll of identify for 32 gold pieces
 20221 | D:15     | Bought a scroll of magic mapping for 56 gold pieces
 20221 | D:15     | Bought a potion of curing for 48 gold pieces
 20221 | D:15     | Bought a royal jelly for 32 gold pieces
 20221 | D:15     | Bought a scroll of magic mapping for 56 gold pieces
 20221 | D:15     | Bought 4 curare-tipped needles for 38 gold pieces
 20489 | D:15     | Reached skill level 10 in Hexes
 20515 | D:15     | Got an ominously black robe
 20521 | D:15     | Identified the cursed +0 robe of Opny {rN+++ MP-9 Int+8} (You found it on level 15 of the Dungeon)
 20637 | D:15     | Found a glowing golden altar of the Shining One.
 20734 | D:15     | Reached skill level 10 in Spellcasting
 20943 | D:15     | Reached skill level 1 in Translocations
 21376 | D:15     | Reached skill level 1 in Charms
 21666 | Orc:1    | Entered Level 1 of the Orcish Mines
 22125 | Orc:1    | Reached XP level 14. HP: 66/66 MP: 13/29
 22407 | Orc:1    | Noticed Snorg
 22687 | Orc:1    | Killed Snorg
 22907 | Orc:1    | Found a bloodstained altar of Trog.
 23122 | Orc:2    | Entered Level 2 of the Orcish Mines
 23122 | Orc:2    | Noticed Saint Roka
 23254 | Orc:2    | Slain by an orc warrior

Vault maps used:
D:1:      minmay_arrival_shoal_huts, minmay_misc_feat_doors
D:2:      okawaru_gym_becter, first_bread, minmay_rat_gold_closets
D:3:      cheibrodos_sewer_entry_bend, uniq_terence
D:4:      uniq_ijyb
D:5:      cheibrodos_thug_alley, minmay_holes, st_stairs_9, uniq_blork_the_orc
D:6:      uniq_pikel, uniq_menkaure
D:7:      minmay_temple_entry_glassed_door, grunt_decor_mini_mirrors,
          nicolae_underground_beach
D:8:      uniq_psyche
D:9:      lair_entry_dummy, serial_ice, serial_ice_n, serial_ice_g,
          serial_ice_l, serial_ice_f, serial_shops, shop
D:10:     serial_shops, shop, grunt_ogre_cave
D:11:     minivault_12
D:12:     orc_0_dummy, serial_shops, shop, enter_bailey_2,
          minmay_beelzebubs_servants
D:13:     grunt_vaults_entry_tiered, enter_trove_3
D:14:     minmay_curled_crystal, serial_shops, nicolae_shop_stone
D:15:     grunt_enter_depths_hoard, serial_shops, shop, tso_metal_star
Temple:   regret_index_temple_sigil_plot
Orc:1:    nicolae_orc_accident_1, trog_book, uniq_snorg
Orc:2:    st_orc_mages, rock_pile, uniq_saint_roka
Sewer:    sewer_fruit_machine
Bailey:   bailey_axe_4, bailey

Skill      XL: |  1  2  3  4  5  6  7  8  9 10 11 12 13 14 |
---------------+-------------------------------------------+-----
Dodging        | 2 3 4 5 6 7 9 11 13 15 16 17 | 17.7
Stealth        | 2 4 5 6 8 10 12 14 16 17 18 | 18.9
Fighting       | 3 4 |  4.0
Short Blades   | 2 4 6 8 9 10 | 10.0
Spellcasting   | 5 8 10 | 10.6
Hexes          | 5 8 10 | 10.2
Translocations | 2 3 |  3.5
Charms         | 2 3 |  3.0
Maces & Flails | |  2.1
Throwing       | |  1.0
Unarmed Combat | |  1.0

Action                   |  1- 3 |  4- 6 |  7- 9 | 10-12 | 13-15 || total
-------------------------+-------+-------+-------+-------+-------++-------
Melee: Mace              |   128 |   188 |       |       |       ||   316
       Punch             |     1 |     2 |       |     7 |     2 ||    12
       Dagger            |       |    28 |   233 |   853 |   368 ||  1482
       Whip              |       |       |    16 |    11 |       ||    27
       Rapier            |       |       |       |   127 |    47 ||   174
       Hand axe          |       |       |       |    15 |       ||    15
 Fire: Shortbow          |       |       |       |    82 |       ||    82
       Blowgun           |       |       |       |    11 |       ||    11
Throw: Stone             |       |     3 |       |       |       ||     3
 Cast: Confuse           |       |       |       |    70 |   107 ||   177
       Shroud of Golubri |       |       |       |       |     1 ||     1
Invok: Call Merchant     |       |       |       |     3 |       ||     3
Evoke: Wand              |       |       |    17 |    16 |     7 ||    40
  Use: Scroll            |     5 |    10 |     5 |    14 |     4 ||    38
       Potion            |       |     1 |       |     6 |       ||     7
 Stab: Sleeping          |    11 |    11 |    20 |    27 |    12 ||    81
       Distracted        |       |     1 |     3 |    15 |     9 ||    28
       Confused          |       |       |       |    21 |    47 ||    68
       Petrifying        |       |       |       |     2 |       ||     2
  Eat: Royal jelly       |       |     2 |     1 |     1 |     1 ||     5
       Fruit             |       |       |       |     3 |       ||     3
       Bread ration      |       |       |       |     3 |       ||     3
Armor: Robe              |    13 |    30 |    14 |    44 |    26 ||   127
Dodge: Dodged            |    85 |   246 |   188 |   757 |   348 ||  1624

Table legend:
 A = Spawn XP
 B = Non-spawn XP
 C = Spawn XP percentage of total XP
 D = Spawn monster count
 E = Non-spawn monster count
 F = Spawn count percentage of total count
 G = Total turns spent on level
                    A         B        C        D         E        F      G
               +---------+---------+-------+---------+---------+-------+---------
         Total |       0 |   67072 |   0.0 |       0 |     501 |   0.0 | 23254
               +---------+---------+-------+---------+---------+-------+---------
           D:1 |       0 |      31 |   0.0 |       0 |      19 |   0.0 |   853
           D:2 |       0 |     315 |   0.0 |       0 |      32 |   0.0 |  1749
           D:3 |       0 |      74 |   0.0 |       0 |      23 |   0.0 |   774
           D:4 |       0 |     177 |   0.0 |       0 |      13 |   0.0 |  1071
           D:5 |       0 |     611 |   0.0 |       0 |      21 |   0.0 |   840
           D:6 |       0 |    1163 |   0.0 |       0 |      15 |   0.0 |  1042
           D:7 |       0 |     824 |   0.0 |       0 |      19 |   0.0 |   885
           D:8 |       0 |    3046 |   0.0 |       0 |      37 |   0.0 |  1512
           D:9 |       0 |    2474 |   0.0 |       0 |      39 |   0.0 |  1923
          D:10 |       0 |    4281 |   0.0 |       0 |      23 |   0.0 |  1994
          D:11 |       0 |    1633 |   0.0 |       0 |      14 |   0.0 |  1220
          D:12 |       0 |    7391 |   0.0 |       0 |      27 |   0.0 |  1198
          D:13 |       0 |   13550 |   0.0 |       0 |      58 |   0.0 |  1677
          D:14 |       0 |   11843 |   0.0 |       0 |      35 |   0.0 |  1507
          D:15 |       0 |   13482 |   0.0 |       0 |      36 |   0.0 |  1439
         Orc:1 |       0 |    5092 |   0.0 |       0 |      41 |   0.0 |  1490
         Sewer |       0 |      81 |   0.0 |       0 |      23 |   0.0 |   758
        Bailey |       0 |    1004 |   0.0 |       0 |      26 |   0.0 |  1218
               +---------+---------+-------+---------+---------+-------+---------
